General information
- name: BNet
- type: Ladder team game (AT/RT)
- host: Battle.net
- saver: STARWARSJEDI.
map: FullScaleAssault
- players: 8
- length: 26:35
- speed: Fast
- version: 1.26 W3XP
- replay type: Public
» download(184 KB)
Players
team 1 (winner)
Maximilum (
green | 60 APM | 1586 actions | 26:33)
7 Death Knight
2 Death Coil
3 Unholy Aura
1 Animate Dead
1 Death Pact
6 Dreadlord
2 Carrion Swarm
3 Vampiric Aura
1 Inferno
» actions
| Assign group hotkey | 51 | |
| Basic commands | 249 | |
| Build / train | 93 | |
| Enter build submenu | 16 | |
| Enter hero's abilities submenu | 14 | |
| Give item / drop item | 8 | |
| Right click | 317 | |
| Select / deselect | 235 | |
| Select group hotkey | 524 | |
| Use ability | 79 | |
1586 total
» units
| Acolyte | 9 | |
| Ghoul | 10 | |
| Crypt Fiend | 11 | |
| Frost Wyrm | 13 | |
43 total
» upgrades
| Web | 1 | |
| Creature Attack | 3 | |
| Creature Carapace | 3 | |
| Freezing Breath | 1 | |
8 total
» buildings
| Crypt | 1 | |
| Altar of Darkness | 1 | |
| Ziggurat | 8 | |
| Tomb of Relics | 1 | |
| Graveyard | 1 | |
| Halls of the Dead | 3 | |
| Necropolis | 1 | |
| Nerubian Tower | 1 | |
| Black Citadel | 1 | |
| Sacrificial Pit | 1 | |
| Boneyard | 2 | |
21 total
» build order
00:09 Crypt
00:11 Altar of Darkness
00:36 Ziggurat
00:51 Tomb of Relics
01:15 Graveyard
01:42 Ziggurat
03:35 Ziggurat
04:22 Halls of the Dead
04:22 Halls of the Dead
04:23 Halls of the Dead
05:26 Necropolis
05:28 Ziggurat
06:22 Ziggurat
06:25 Nerubian Tower
06:54 Black Citadel
07:25 Sacrificial Pit
09:15 Boneyard
09:16 Boneyard
12:45 Ziggurat
12:46 Ziggurat
14:10 Ziggurat
» items
| Sacrificial Skull | 1 | |
| Periapt of Vitality | 2 | |
| Potion of Lesser Invulnerability | 2 | |
| Orb of Corruption | 1 | |
| Potion of Healing | 1 | |
| Scroll of Healing | 1 | |
| Scroll of Protection | 1 | |
| Boots of Speed | 1 | |
| Scroll of Town Portal | 2 | |
12 total

»
ThisIsAwkward (
red | 60 APM | 1599 actions | 26:33)
6 Pandaren Brewmaster
2 Drunken Haze
3 Breath of Fire
1 Storm Earth and Fire
5 Priestess of the Moon
3 Trueshot Aura
2 Scout
» actions
| Assign group hotkey | 50 | |
| Basic commands | 198 | |
| Build / train | 107 | |
| Enter build submenu | 27 | |
| Enter hero's abilities submenu | 11 | |
| Give item / drop item | 1 | |
| Remove unit from queue | 8 | |
| Right click | 384 | |
| Select / deselect | 349 | |
| Select group hotkey | 352 | |
| Use ability | 112 | |
1599 total
» units
| Wisp | 40 | |
| Archer | 5 | |
| Goblin Shredder | 3 | |
| Hippogryph | 6 | |
| Goblin Zeppelin | 1 | |
| Druid of the Talon | 3 | |
| Dryad | 7 | |
| Blue Dragon | 1 | |
| Blue Drake | 2 | |
| Mountain Giant | 2 | |
| Druid of the Claw | 1 | |
71 total
» upgrades
| Strength of the Wild | 3 | |
| Reinforced Hides | 2 | |
| Druid of the Talon Training | 2 | |
| Abolish Magic | 1 | |
| Hardened Skin | 1 | |
| Resistant Skin | 1 | |
| Druid of the Claw Training | 2 | |
| Mark of the Talon | 1 | |
13 total
» buildings
| Ancient of War | 1 | |
| Moon Well | 7 | |
| Altar of Elders | 1 | |
| Tree of Ages | 1 | |
| Tree of Life | 2 | |
| Ancient of Wind | 2 | |
| Hunter's Hall | 1 | |
| Ancient of Lore | 3 | |
| Ancient Protector | 8 | |
| Tree of Eternity | 1 | |
| Ancient of Wonders | 1 | |
28 total
» build order
00:19 Ancient of War
00:32 Moon Well
00:46 Moon Well
01:14 Altar of Elders
03:03 Tree of Ages
03:22 Moon Well
03:56 Tree of Life
05:30 Ancient of Wind
05:31 Ancient of Wind
05:32 Hunter's Hall
08:25 Tree of Life
09:14 Ancient of Lore
09:17 Moon Well
09:21 Ancient of Lore
11:11 Ancient Protector
11:41 Ancient Protector
11:42 Ancient Protector
12:05 Moon Well
12:05 Moon Well
12:11 Ancient Protector
12:31 Tree of Eternity
12:54 Ancient Protector
13:33 Ancient Protector
13:36 Ancient Protector
13:38 Ancient Protector
14:15 Moon Well
15:25 Ancient of Wonders
15:27 Ancient of Lore
This.Game. (
teal | 59 APM | 1573 actions | 26:33)
6 Blademaster
3 Wind Walk
2 Critical Strike
1 Bladestorm
2 Shadow Hunter
1 Healing Wave
1 Hex
» actions
| Assign group hotkey | 10 | |
| Build / train | 93 | |
| Enter build submenu | 32 | |
| Enter hero's abilities submenu | 8 | |
| Give item / drop item | 2 | |
| Remove unit from queue | 4 | |
| Right click | 942 | |
| Select / deselect | 301 | |
| Select group hotkey | 115 | |
| Use ability | 66 | |
1573 total
» units
| Peon | 18 | |
| Grunt | 4 | |
| Shaman | 8 | |
| Tauren | 6 | |
| Spirit Walker | 3 | |
| Blue Dragon Whelp | 1 | |
| Demolisher | 3 | |
| Troll Witch Doctor | 5 | |
48 total
» upgrades
| Armor | 3 | |
| Shaman Training | 2 | |
| Melee Weapons | 3 | |
| Reinforced Defenses | 1 | |
| Spirit Walker Training | 2 | |
| Spiked Barricades | 3 | |
| Pulverize | 1 | |
| Burning Oil | 1 | |
| Witch Doctor Training | 2 | |
| Ranged Weapons | 1 | |
19 total
» buildings
| Altar of Storms | 1 | |
| Orc Burrow | 8 | |
| Barracks | 1 | |
| Voodoo Lounge | 2 | |
| Stronghold | 1 | |
| War Mill | 1 | |
| Fortress | 1 | |
| Spirit Lodge | 2 | |
| Great Hall | 1 | |
| Tauren Totem | 3 | |
| Watch Tower | 8 | |
29 total
» build order
00:14 Altar of Storms
00:21 Orc Burrow
00:56 Barracks
01:38 Orc Burrow
02:10 Voodoo Lounge
02:52 Stronghold
03:29 Orc Burrow
04:02 War Mill
05:38 Fortress
05:43 Spirit Lodge
06:20 Orc Burrow
06:51 Great Hall
08:06 Tauren Totem
08:10 Tauren Totem
08:26 Tauren Totem
08:41 Watch Tower
08:45 Watch Tower
09:28 Watch Tower
10:43 Watch Tower
11:11 Watch Tower
11:52 Watch Tower
12:24 Voodoo Lounge
13:25 Orc Burrow
13:28 Orc Burrow
14:09 Watch Tower
15:50 Watch Tower
19:25 Orc Burrow
22:44 Spirit Lodge
23:57 Orc Burrow
» items
| Healing Salve | 2 | |
| Orb of Lightning | 2 | |
| Potion of Mana | 2 | |
| Potion of Healing | 4 | |
10 total
STARWARSJEDI. (
purple | 55 APM | 1462 actions | 26:35)
6 Blood Mage
3 Flame Strike
2 Siphon Mana
1 Summon Phoenix
» actions
| Assign group hotkey | 63 | |
| Basic commands | 24 | |
| Build / train | 97 | |
| Enter build submenu | 32 | |
| Enter hero's abilities submenu | 6 | |
| Give item / drop item | 3 | |
| Right click | 425 | |
| Select / deselect | 247 | |
| Select group hotkey | 400 | |
| Use ability | 165 | |
1462 total
» units
| Peasant | 22 | |
| Footman | 3 | |
| Sorceress | 3 | |
| Goblin Zeppelin | 6 | |
| Goblin Shredder | 1 | |
| Dragonhawk Rider | 6 | |
41 total
» upgrades
| Masonry | 3 | |
| Lumber Harvesting | 1 | |
| Sorceress Training | 2 | |
| Magic Sentry | 1 | |
| Cloud | 1 | |
| Priest Training | 2 | |
10 total
» buildings
| Altar of Kings | 1 | |
| Barracks | 1 | |
| Farm | 10 | |
| Scout Tower | 41 | |
| Lumber Mill | 1 | |
| Arcane Tower | 1 | |
| Arcane Vault | 2 | |
| Town Hall | 1 | |
| Guard Tower | 21 | |
| Keep | 1 | |
| Arcane Sanctum | 2 | |
| Castle | 1 | |
| Gryphon Aviary | 5 | |
88 total
» build order
00:09 Altar of Kings
00:21 Barracks
00:35 Farm
00:52 Farm
01:30 Farm
01:36 Scout Tower
02:03 Lumber Mill
02:16 Arcane Tower
02:46 Arcane Vault
03:13 Farm
04:38 Town Hall
04:41 Scout Tower
04:41 Scout Tower
04:42 Scout Tower
05:11 Guard Tower
05:57 Keep
06:13 Scout Tower
06:13 Scout Tower
06:39 Scout Tower
06:40 Scout Tower
06:47 Guard Tower
07:00 Farm
07:07 Scout Tower
07:08 Scout Tower
07:08 Scout Tower
07:11 Scout Tower
07:11 Scout Tower
07:15 Guard Tower
07:23 Scout Tower
07:23 Scout Tower
07:24 Scout Tower
07:26 Scout Tower
07:26 Scout Tower
07:47 Guard Tower
08:10 Guard Tower
08:29 Arcane Vault
08:32 Guard Tower
08:32 Guard Tower
09:14 Guard Tower
09:47 Arcane Sanctum
11:16 Scout Tower
11:16 Scout Tower
11:16 Scout Tower
11:37 Castle
12:01 Guard Tower
12:01 Guard Tower
12:04 Scout Tower
12:04 Scout Tower
12:05 Scout Tower
12:59 Guard Tower
13:01 Scout Tower
13:02 Scout Tower
13:02 Scout Tower
13:03 Scout Tower
13:03 Scout Tower
13:04 Scout Tower
13:05 Scout Tower
13:06 Scout Tower
13:37 Guard Tower
13:38 Guard Tower
13:41 Arcane Sanctum
14:04 Guard Tower
14:04 Guard Tower
14:06 Scout Tower
14:06 Scout Tower
14:48 Guard Tower
14:48 Guard Tower
14:52 Gryphon Aviary
14:52 Gryphon Aviary
15:02 Farm
15:02 Farm
15:03 Farm
15:25 Gryphon Aviary
17:03 Guard Tower
17:04 Gryphon Aviary
17:53 Farm
19:25 Gryphon Aviary
23:31 Scout Tower
23:31 Scout Tower
23:31 Scout Tower
23:32 Scout Tower
23:33 Scout Tower
23:34 Scout Tower
» items
| Staff of Teleportation | 1 | |
| Potion of Lesser Invulnerability | 2 | |
| Potion of Invisibility | 3 | |
| Potion of Healing | 2 | |
| Potion of Mana | 3 | |
| Healing Salve | 1 | |
| Lesser Clarity Potion | 1 | |
| Staff of Sanctuary | 1 | |
| Scroll of Town Portal | 1 | |
15 total
team 2 (loser)
DrItzZ (
blue | 94 APM | 2501 actions | 26:32)
6 Blademaster
2 Wind Walk
3 Critical Strike
1 Bladestorm
» actions
| Assign group hotkey | 24 | |
| Basic commands | 1 | |
| Build / train | 93 | |
| Enter build submenu | 16 | |
| Enter hero's abilities submenu | 6 | |
| Give item / drop item | 6 | |
| Remove unit from queue | 1 | |
| Right click | 1506 | |
| Select / deselect | 464 | |
| Select group hotkey | 173 | |
| Use ability | 211 | |
2501 total
» units
| Peon | 9 | |
| Troll Batrider | 35 | |
| Raider | 3 | |
47 total
» upgrades
| Liquid Fire | 1 | |
| Ranged Weapons | 2 | |
| Armor | 0 | |
| Reinforced Defenses | 1 | |
| Hippogryph Taming | 1 | |
5 total
» buildings
| Altar of Storms | 1 | |
| Orc Burrow | 4 | |
| Voodoo Lounge | 1 | |
| War Mill | 1 | |
| Stronghold | 4 | |
| Watch Tower | 4 | |
| Fortress | 4 | |
| Beastiary | 2 | |
21 total
» build order
00:04 Altar of Storms
00:19 Orc Burrow
01:31 Voodoo Lounge
01:55 War Mill
02:31 Stronghold
02:31 Stronghold
03:13 Watch Tower
03:44 Orc Burrow
03:46 Watch Tower
04:29 Orc Burrow
04:33 Watch Tower
04:36 Orc Burrow
04:39 Watch Tower
05:09 Fortress
05:09 Fortress
05:31 Beastiary
05:38 Beastiary
» items
| Healing Salve | 4 | |
| Lesser Clarity Potion | 4 | |
| Boots of Speed | 1 | |
| Staff of Teleportation | 1 | |
| Orb of Lightning | 1 | |
| Potion of Lesser Invulnerability | 1 | |
| Potion of Healing | 1 | |
13 total
suck.bang.blow. (
orange | 33 APM | 681 actions | 20:21)
5 Pit Lord
3 Howl of Terror
2 Cleaving Attack
» actions
| Build / train | 63 | |
| Enter build submenu | 19 | |
| Enter hero's abilities submenu | 5 | |
| Right click | 249 | |
| Select / deselect | 308 | |
| Use ability | 37 | |
681 total
» units
| Wisp | 24 | |
| Archer | 8 | |
| Hippogryph | 8 | |
| Chimaera | 7 | |
47 total
» upgrades
| Strength of the Wild | 3 | |
| Reinforced Hides | 3 | |
| Nature's Blessing | 1 | |
| Corrosive Breath | 1 | |
8 total
» buildings
| Moon Well | 8 | |
| Ancient of War | 1 | |
| Altar of Elders | 1 | |
| Hunter's Hall | 1 | |
| Tree of Ages | 1 | |
| Tree of Life | 2 | |
| Tree of Eternity | 1 | |
| Ancient of Wind | 2 | |
| Chimaera Roost | 3 | |
20 total
» build order
00:09 Moon Well
01:37 Ancient of War
01:41 Moon Well
01:51 Altar of Elders
02:11 Moon Well
03:37 Hunter's Hall
04:21 Tree of Ages
05:11 Tree of Life
05:23 Moon Well
06:21 Moon Well
06:52 Tree of Eternity
07:21 Ancient of Wind
08:31 Ancient of Wind
09:07 Tree of Life
09:25 Chimaera Roost
09:27 Chimaera Roost
12:28 Chimaera Roost
12:37 Moon Well
13:56 Moon Well
15:49 Moon Well

»
dpiece67 (
yellow | 25 APM | 616 actions | 24:58)
3 Blood Mage
2 Flame Strike
1 Siphon Mana
2 Mountain King
1 Storm Bolt
1 Bash
2 Paladin
1 Devotion Aura
1 Divine Shield
» actions
| Basic commands | 3 | |
| Build / train | 82 | |
| Enter build submenu | 22 | |
| Enter hero's abilities submenu | 8 | |
| Right click | 157 | |
| Select / deselect | 287 | |
| Use ability | 55 | |
616 total
» units
| Peasant | 20 | |
| Rifleman | 12 | |
| Mortar Team | 4 | |
| Flying Machine | 4 | |
40 total
» upgrades
| Gunpowder | 3 | |
| Armor | 1 | |
| Lumber Harvesting | 2 | |
| Masonry | 3 | |
| Long Rifles | 1 | |
| Fragmentation Shards | 1 | |
| Flare | 1 | |
| Flak Cannons | 1 | |
| Plating | 1 | |
14 total
» buildings
| Farm | 12 | |
| Altar of Kings | 1 | |
| Barracks | 2 | |
| Lumber Mill | 1 | |
| Blacksmith | 1 | |
| Keep | 1 | |
| Town Hall | 1 | |
| Workshop | 2 | |
| Castle | 1 | |
| Scout Tower | 16 | |
| Guard Tower | 8 | |
| Cannon Tower | 2 | |
| Arcane Tower | 4 | |
| Arcane Vault | 1 | |
53 total
» build order
00:40 Farm
01:00 Altar of Kings
01:26 Barracks
01:45 Lumber Mill
02:02 Farm
02:22 Farm
02:49 Farm
03:11 Barracks
03:57 Blacksmith
04:17 Farm
05:00 Farm
05:08 Farm
05:49 Farm
06:12 Keep
07:17 Town Hall
08:43 Workshop
08:50 Workshop
09:55 Castle
10:03 Farm
10:05 Farm
10:09 Farm
10:12 Farm
10:33 Scout Tower
10:35 Scout Tower
10:37 Scout Tower
10:39 Scout Tower
10:44 Scout Tower
10:45 Scout Tower
10:46 Scout Tower
10:48 Scout Tower
11:13 Guard Tower
11:35 Guard Tower
11:37 Guard Tower
12:02 Guard Tower
12:02 Guard Tower
12:04 Guard Tower
12:05 Guard Tower
12:33 Guard Tower
12:40 Scout Tower
12:42 Scout Tower
12:44 Scout Tower
12:45 Scout Tower
12:46 Scout Tower
12:47 Scout Tower
12:49 Scout Tower
12:57 Scout Tower
13:52 Cannon Tower
15:54 Cannon Tower
15:57 Arcane Tower
16:07 Arcane Tower
17:08 Arcane Tower
17:08 Arcane Tower
17:56 Arcane Vault
» items

»
Flintpinstitch (
pink | 42 APM | 1003 actions | 24:02)
5 Mountain King
2 Storm Bolt
3 Bash
3 Archmage
2 Brilliance Aura
1 Blizzard
» actions
| Assign group hotkey | 13 | |
| Basic commands | 32 | |
| Build / train | 96 | |
| Enter build submenu | 32 | |
| Enter hero's abilities submenu | 9 | |
| Give item / drop item | 3 | |
| Right click | 219 | |
| Select / deselect | 361 | |
| Select group hotkey | 143 | |
| Use ability | 95 | |
1003 total
» units
| Peasant | 22 | |
| Footman | 5 | |
| Goblin Shredder | 1 | |
| Priest | 2 | |
| Goblin Zeppelin | 2 | |
| Spell Breaker | 7 | |
| Siege Engine | 6 | |
| Sorceress | 1 | |
| Hippogryph | 5 | |
| Knight | 4 | |
55 total
» upgrades
| Plating | 2 | |
| Swords | 3 | |
| Lumber Harvesting | 1 | |
| Defend | 1 | |
| Priest Training | 2 | |
| Control Magic | 1 | |
| Animal War Training | 1 | |
| Barrage | 1 | |
| Magic Sentry | 1 | |
| Gunpowder | 1 | |
14 total
» buildings
| Farm | 12 | |
| Altar of Kings | 1 | |
| Barracks | 1 | |
| Lumber Mill | 1 | |
| Arcane Vault | 2 | |
| Keep | 1 | |
| Blacksmith | 1 | |
| Town Hall | 2 | |
| Arcane Sanctum | 3 | |
| Arcane Tower | 4 | |
| Castle | 1 | |
| Scout Tower | 5 | |
| Guard Tower | 1 | |
| Workshop | 3 | |
38 total
» build order
00:29 Farm
00:45 Altar of Kings
01:02 Barracks
01:21 Farm
01:29 Lumber Mill
02:00 Farm
02:31 Farm
02:42 Arcane Vault
03:11 Keep
03:58 Blacksmith
05:36 Town Hall
05:49 Arcane Sanctum
06:25 Arcane Sanctum
07:47 Arcane Tower
07:48 Arcane Tower
07:53 Arcane Vault
08:09 Arcane Sanctum
08:54 Castle
09:03 Farm
10:14 Farm
10:42 Scout Tower
11:08 Farm
11:34 Town Hall
11:58 Farm
12:00 Guard Tower
12:06 Workshop
12:23 Farm
12:31 Farm
12:37 Farm
14:33 Farm
14:38 Workshop
16:56 Scout Tower
17:58 Arcane Tower
18:02 Scout Tower
18:44 Arcane Tower
18:51 Scout Tower
22:53 Scout Tower
22:57 Workshop
» items
| Scroll of Regeneration | 3 | |
| Lesser Clarity Potion | 1 | |
| Ivory Tower | 4 | |
| Orb of Fire | 1 | |
| Scroll of Town Portal | 1 | |
10 total
Chat log
(00:16 / Allies) ThisIsAwkward: archer hip chim
(00:16 / All) STARWARSJEDI.: suck bang blow a hacker!!
(00:22 / All) suck.bang.blow.: hackers rukle
(00:33 / All) suck.bang.blow.: ill hack your ass baby
(01:12 / Allies) This.Game.: units
(01:57 / Allies) ThisIsAwkward: ill dry dott hips (unmounted)
(02:05 / Allies) Maximilum: fiends wyrms
(02:15 / Allies) This.Game.: melee
(02:18 / Allies) This.Game.: shams
(02:31 / Allies) STARWARSJEDI.: im gonna tower some of bottom choke
(05:21 / Allies) Maximilum: ty
(05:24 / Allies) ThisIsAwkward: npnp
(05:54 / Allies) ThisIsAwkward: fuck
(06:05 / Allies) STARWARSJEDI.: what?
(06:10 / Allies) ThisIsAwkward: lost shredder
(06:16 / Allies) STARWARSJEDI.: terrific
(06:22 / Allies) ThisIsAwkward: indeed
(09:49 / Allies) This.Game.: any lumber?
(10:00 / Allies) STARWARSJEDI.: ask redlol
(10:01 / Allies) ThisIsAwkward: healp
(10:02 / Allies) ThisIsAwkward: pls
(10:05 / Allies) Maximilum: repair
(10:11 / Allies) Maximilum: omw
(12:30 / Allies) Maximilum: ty
(12:36 / Allies) This.Game.: haha
(12:40 / Allies) This.Game.: copy xcats
(14:38 / Allies) Maximilum: b
(14:38 / Allies) Maximilum: b
(16:36 / Allies) Maximilum: im go whit u
(16:39 / Allies) Maximilum: teeal
(17:13 / Allies) Maximilum: who have aa
(17:19 / Allies) Maximilum: back
(17:33 / Allies) ThisIsAwkward: meet no
(18:04 / Allies) Maximilum: tp als now
(19:02 / Allies) Maximilum: go
(19:43 / Allies) Maximilum: here or directy?
(20:15 / All) suck.bang.blow.: blue was your best player haha
(20:15 / All) Maximilum: lol gg
(20:18 / All) STARWARSJEDI.: lol
(20:18 / All) suck.bang.blow.: fuckign bum
(20:28 / All) STARWARSJEDI.: uh oj just lost all his shit
(21:00 / Allies) This.Game.: ops
(22:13 / All) STARWARSJEDI.: tanks are so imba
(24:48 / Allies) STARWARSJEDI.: thank you teal
(24:50 / Allies) STARWARSJEDI.: you are a good friend
(25:04 / All) STARWARSJEDI.: blue
(25:05 / Allies) This.Game.: rhx
(25:10 / All) STARWARSJEDI.: why was oj pissed at u
(25:24 / All) DrItzZ: cause he was hacking
(25:30 / All) DrItzZ: and I just pissed him off
(25:40 / All) STARWARSJEDI.: was he? i always accuse him of hacking but have no definite proof
(25:40 / All) DrItzZ: telling him to get a life
(26:00 / All) STARWARSJEDI.: ive probably faced him 30 times and always get against him
(26:25 / All) DrItzZ: he is a POS
(26:30 / All) DrItzZ: ok see u guys gg
(26:31 / All) STARWARSJEDI.: yea he talks a lot of shit